 Dungeon Crawl Stone Soup version 0.29.1-2-gbd0b4ee654 (webtiles) character file.

Game seed: 4799539690424787261

2 Avanven the Cudgeller (level 1, -1/11 HPs)
             Began as a Vine Stalker Berserker on Nov 5, 2022.
             Was a Follower of Trog.
             Slain by a kobold
             ... wielding a +0 short sword
              (3 damage)
             ... on level 1 of the Dungeon.
             The game lasted 00:00:26 (92 turns).

Avanven the Cudgeller (Vine Stalker Berserker)        Turns: 92, Time: 00:00:26

Health: -1/11      AC:  2    Str: 19    XL:     1   Next: 30%
Magic:  0/2        EV: 12    Int:  7    God:    Trog [*.....]
Gold:   2          SH:  0    Dex: 13    Spells: 0/0 levels left

rFire   . . .      SeeInvis .   d - +0 whip
rCold   . . .      Faith    .   (no shield)
rNeg    . . .      Spirit   +   b - +0 animal skin
rPois   .          Reflect  .   (no helmet)
rElec   .          Harm     .   (no cloak)
rCorr   .          Rampage  .   (no gloves)
Will    .....                   (no boots)
Stlth   +.........              (no amulet)
HPRegen 0.03/turn               (no ring)
MPRegen 0.08/turn               (no ring)

@: no status effects
A: fangs 2, magic shield, antimagic bite, no potion heal 2
a: Renounce Religion, Berserk


You were on level 1 of the Dungeon.
You worshipped Trog.
Trog was aware of your devotion.
You visited 1 branch of the dungeon, and saw 1 of its levels.

You collected 2 gold pieces.

Inventory:

Hand Weapons
 a - a +0 mace
 d - a +0 whip (weapon)
Armour
 b - a +0 animal skin (worn)
Potions
 c - a potion of curing {unknown}


   Skills:
 - Level 2.6 Fighting
 * Level 2.7 Maces & Flails
 + Level 1.6 Armour
 + Level 1.6 Dodging


You couldn't memorise any spells.
You didn't know any spells.
Your spell library was empty.

Dungeon Overview and Level Annotations

Branches:
Dungeon (1/15)

Altars:


Innate Abilities, Weirdness & Mutations

You have extremely sharp teeth.
When hurt, damage is shared between your health and your magic reserves.
Your bite disrupts and absorbs the magic of your enemies.
Potions cannot restore your health.


Message History

The ball python constricts you.
You sock the ball python!
You kill the ball python!
Trog accepts your kill.
No target in view!
No target in view!
Things that are here:
a +0 whip; a kobold corpse
d - a +0 whip
Okay, then.
d - a +0 whip (weapon)
You see here a ball python corpse.
A kobold comes into view. It is wielding a +0 short sword.
The kobold shouts!
You hear a shout!
A frilled lizard comes into view.
The frilled lizard hisses angrily.
Okay, then.
There are monsters nearby!
There are monsters nearby!
You hear a shout!
A giant cockroach comes into view.
The kobold throws a stone.
The stone closely misses you.
A kobold, a hobgoblin and a goblin come into view.
The kobold shouts!
The hobgoblin shouts!
The kobold throws a stone.
The stone barely misses you.
The hobgoblin moves out of view.
The goblin hits you with a +0 dagger.
You hit the kobold but do no damage. The giant cockroach barely misses you.
The goblin closely misses you.
A frilled lizard comes into view.
The kobold barely misses you.
The frilled lizard hisses angrily.
You hit the kobold but do no damage. You bite the kobold, but do no damage.
The giant cockroach bites you but does no damage.
A giant cockroach comes into view.
The kobold hits you with a +0 short sword.
The frilled lizard closely misses you. The goblin hits you with a +0 dagger.
* * * LOW HITPOINT WARNING * * *
The kobold hits you with a +0 short sword.
You die...

.......#########
....
#######.######
..... #......#
..... ##..##....
.... ##.######
... #......###.#
######.....#
###.K##.##
#@B....#
#Kgl.....B
#.......#..
......##g# .
##...### ..l
.... .#. #.... #
...##


You could see 2 giant cockroaches, a hobgoblin, a goblin, 2 kobolds and 2
frilled lizards.

Vanquished Creatures
  A ball python (D:1)
  A kobold (D:1)
2 creatures vanquished.

Notes
Turn   | Place    | Note
-------+----------+-------------------------------------------
     0 | D:1      | Avanven the Vine Stalker Berserker began the quest for the
                  | Orb.
     0 | D:1      | Reached XP level 1. HP: 11/11 MP: 2/2
    92 | D:1      | Slain by a kobold

Illustrated notes

Levels and vault maps discovered:
D:1:      giann_wishing_wells, layout_rooms,
          hellmonk_ecumenical_altar_crossroads, dreamdust_princess_bridge

Action                   || total
-------------------------++-------
Melee: Whip              ||     2
       Mace              ||     2
       Bite              ||     1
Armor: Animal skin       ||     1
Dodge: Dodged            ||     8
